 Dungeon Crawl Stone Soup version 0.16-a0-3643-g096a701 (webtiles) character file.

16991 DEFE the Peltast (level 12, 0/84 HPs)
             Began as a Formicid Fighter on Jan 16, 2015.
             Was a High Priest of Makhleb.
             Slain by a komodo dragon (20 damage)
             ... on level 1 of the Lair of Beasts.
             The game lasted 00:35:22 (11065 turns).

DEFE the Peltast (Formicid Fighter)                Turns: 11065, Time: 00:35:22

Health: 0/84       AC: 10    Str: 27    XL:     12   Next: 77%
Magic:  16/16      EV: 10    Int:  7    God:    Makhleb [*****.]
Gold:   119        SH: 14    Dex: 10    Spells: 0 memorised, 11 levels left

rFire  . . .     SeeInvis +     J - +3 battleaxe (vamp)
rCold  . . .     Clarity  .     v - +0 chain mail {rPois}
rNeg   + . .     SustAb   .     c - +0 shield
rPois  +         Gourm    .     (helmet unavailable)
rElec  .         Spirit   .     r - +0 cloak
rCorr  .         Warding  .     (no gloves)
rMut   .         Stasis   +     (no boots)
MR     +....                    o - amulet of regeneration
Stlth  ..........               q - +2 ring of evasion
                                p - ring of positive energy

@: somewhat resistant to hostile enchantments, extremely unstealthy
A: permanent stasis, dig shafts and tunnels, four strong arms, antennae 3
a: Dig, Shaft Self, Minor Destruction, Lesser Servant of Makhleb, Major
Destruction, Greater Servant of Makhleb, Renounce Religion


You were on level 1 of the Lair of Beasts.
You worshipped Makhleb.
Makhleb was extremely pleased with you.
You were not hungry.

You visited 4 branches of the dungeon, and saw 15 of its levels.
You also visited: Ossuary.

You collected 735 gold pieces.
You spent 616 gold pieces at shops.

Inventory:

Hand weapons
 a - a +0 war axe
 J - a +3 vampiric battleaxe (weapon)
 L - a +3 morningstar
Armour
 b - a +0 scale mail
 c - a +0 shield (worn)
 r - a +0 cloak (worn)
 v - a +0 chain mail of poison resistance (worn)
Jewellery
 o - an amulet of regeneration (around neck)
 p - a ring of positive energy (left hand)
 q - a +2 ring of evasion (right hand)
 s - an uncursed amulet of warding
 M - an uncursed ring of sustain abilities
 Q - an uncursed amulet of faith {unknown}
 S - a cursed amulet of inaccuracy {unknown}
Magical devices
 e - a wand of polymorph (0)
 f - a wand of magic darts (8)
 j - a wand of cold (5)
 w - a wand of cold (10)
 A - a wand of digging (15)
 C - a wand of paralysis (12)
 G - a wand of paralysis (9)
 P - a wand of frost (29)
 V - a wand of enslavement (9)
Scrolls
 h - 3 scrolls of teleportation {unknown}
 t - 4 scrolls of noise
 x - 8 scrolls of fog
 y - 3 scrolls of remove curse
 E - 4 scrolls of random uselessness
 F - a scroll of blinking
 I - a scroll of enchant armour
 K - 4 scrolls of fear
 N - a scroll of recharging
 O - a scroll of identify
 R - a scroll of amnesia {unknown}
Potions
 g - 4 potions of curing
 l - 2 potions of flight
 m - 2 potions of mutation
 u - a potion of resistance
 z - 2 potions of lignification
 D - 2 potions of cure mutation
 H - a potion of magic
 T - a potion of ambrosia {unknown}
 U - a potion of brilliance
Books
 B - a book of Minor Magic

   Spells                             Type                      Level
   a - Magic Dart                     Conjuration                  1
   b - Blink                          Translocation                2
   c - Call Imp                       Summoning                    2
   d - Repel Missiles                 Charms/Air                   2
   e - Slow                           Hexes                        2
   f - Conjure Flame                  Conjuration/Fire             3
   g - Mephitic Cloud                 Conjuration/Poison/Air       3
Comestibles
 d - 12 bread rations
 i - 5 royal jellies
 k - 6 meat rations
 n - 3 fruits
 W - 5 chunks of flesh


   Skills:
 - Level 4.6 Fighting
 + Level 14.3 Axes
 - Level 4.6 Armour
 - Level 15.0 Shields


You had 11 spell levels left.
You didn't know any spells.

Dungeon Overview and Level Annotations

Branches:
Dungeon (11/15)            Temple (1/1) D:5            Lair (1/8) D:11
    Orc (2/4) D:10

Altars:
Ashenzari
Cheibriados
Dithmenos
Elyvilon
Fedhas
Gozag
Kikubaaqudgha
Makhleb
Nemelex Xobeh
Okawaru
Qazlal
Ru
Sif Muna
Trog
Vehumet
Xom
Yredelemnul
Zin
The Shining One

Shops:
D:4 [[[[[   D:7 ![:   D:10 ?(

Annotations:
D:9 runed door
Orc:2 Erolcha


Innate Abilities, Weirdness & Mutations

You are under a permanent stasis effect.
You can dig through walls and to a lower floor.
Your four strong arms can wield two-handed weapons with a shield.
You have a pair of large antennae on your head (SInv).


Message History

You slash the basilisk!
You feel better.
The basilisk is moderately wounded.
You hit the komodo dragon.
The komodo dragon is moderately wounded.
You block the basilisk's attack. You block the komodo dragon's attack.
Unknown command.
You completely miss the basilisk.
The basilisk is moderately wounded.
You slash the komodo dragon!
The komodo dragon is heavily wounded.
The basilisk misses you. You block the komodo dragon's attack.
Unknown command.
You slash the basilisk!
You feel better.
The basilisk is severely wounded.
You slash the komodo dragon!
The komodo dragon is severely wounded.
The basilisk hisses menacingly.
The basilisk gazes at you.
You easily resist.
The komodo dragon bites you!!
You die...

.........##.P.....###.#..÷..###..
.............÷#......†..##.##....
.......#...###..#..#...........P.
..###.#..###...#######.....P..≈≈≈
.## ######....#... ##.....≈≈≈≈.
## { ..##....#####.P...≈≈≈≈≈≈ ##
{ ...........#....P≈≈≈.≈.≈ .#
.......l.............###. ##
.......l@..#....>..####.# #
.##.#......###....## ### #
#......####...# # ##.....##.....#
# #.#..........# # ###..........#
# ####...P##.# ## #.†.###### .#
#.....###


You could see a komodo dragon and a basilisk.

Vanquished Creatures
  The ghost of DEFE the Spear-Bearer, a powerful MfGl of Okawaru (D:11)
  An unseen horror (D:9)
  5 hill giants
  A manticore (D:11)
  A centaur skeleton (D:10)
  A spiny frog (Lair:1)
  A black mamba (Lair:1)
  5 komodo dragons (Lair:1)
  The ghost of DEFE the Poker, an average MfFi (D:4)
  18 yaks
  A deep elf mage (D:11)
  5 wolves (Lair:1)
  A hippogriff (D:8)
  Edmund (D:7)
  2 water moccasins
  2 porcupines (D:11)
  A black bear (D:8)
  7 orc warriors
  2 ice beasts
  4 sky beasts
  A wasp (D:9)
  3 phantoms
  5 ogres
  3 centaurs (D:6)
  A big kobold (D:10)
  A brain worm (D:11)
  Blork the orc (D:6)
  9 giant frogs
  4 scorpions
  4 killer bees
  A troll skeleton (D:9)
  8 wights
  A crimson imp (D:5)
  2 spriggan skeletons (D:9)
  2 goliath beetles
  3 centaur zombies
  A jelly (D:6)
  3 quasits
  2 hell rats (D:11)
  Crazy Yiuf (D:3)
  3 giant frog skeletons
  2 human zombies (Ossuary)
  7 hounds
  8 worker ants
  11 iguanas
  11 orc wizards
  6 orc priests
  A big kobold zombie (Ossuary)
  Ijyb (D:7)
  An ogre skeleton (D:9)
  2 hound zombies
  Terence (D:3)
  2 hound skeletons
  4 mummies (Ossuary)
  10 gnolls
  20 adders
  8 river rats
  6 shadow imps
  2 giant mites
  6 worms
  An adder zombie (D:7)
  2 adder skeletons
  4 giant geckos
  2 oozes (D:6)
  49 orcs
  2 bat skeletons (D:7)
  A bat zombie (D:5)
  3 giant cockroaches
  3 gnoll zombies (Ossuary)
  17 goblins
  11 hobgoblins
  17 jackals
  22 kobolds
  2 ball pythons
  11 bats
  4 giant newts
  A giant spore (D:9)
  A goblin zombie (Ossuary)
  2 orc zombies (D:10)
  10 quokkas
  A quokka skeleton (D:8)
  15 rats
  11 ballistomycetes
  A bush (D:8)
  A plant (Lair:1)
423 creatures vanquished.

Vanquished Creatures (others)
  3 wights (D:9)
  An adder zombie (D:9)
  An orc (D:10)
  2 giant spores
7 creatures vanquished.

Grand Total: 430 creatures vanquished

Notes
Turn   | Place    | Note
--------------------------------------------------------------
     0 | D:1      | DEFE, the Formicid Fighter, began the quest for the Orb.
     0 | D:1      | Reached XP level 1. HP: 18/18 MP: 1/1
   224 | D:1      | Reached XP level 2. HP: 24/24 MP: 3/3
   452 | D:1      | You fall through a shaft!
   513 | D:2      | Reached XP level 3. HP: 28/30 MP: 4/4
   769 | D:2      | Reached skill level 4 in Shields
  1018 | D:3      | Reached XP level 4. HP: 37/37 MP: 5/5
  1111 | D:3      | Reached XP level 5. HP: 34/42 MP: 7/7
  1171 | D:3      | Found a stormy altar of Qazlal.
  1319 | D:3      | Noticed Crazy Yiuf
  1327 | D:3      | Killed Crazy Yiuf
  1388 | D:3      | Reached XP level 6. HP: 42/49 MP: 8/8
  1416 | D:3      | Reached skill level 5 in Shields
  1453 | D:3      | Noticed Terence
  1463 | D:3      | Killed Terence
  2073 | D:4      | Found Vacinn's Armour Boutique.
  2116 | D:4      | Reached XP level 7. HP: 44/55 MP: 9/9
  2150 | D:4      | Found Tuappung's Antique Armour Boutique.
  2234 | D:4      | Reached skill level 6 in Shields
  2255 | D:4      | Found Beohiz's Armour Shop.
  2300 | D:4      | Noticed DEFE's ghost (average MfFi)
  2315 | D:4      | Killed DEFE's ghost
  2315 | D:4      | Reached skill level 5 in Axes
  2315 | D:4      | Reached skill level 7 in Shields
  2377 | D:4      | Reached XP level 8. HP: 61/61 MP: 11/11
  2498 | D:4      | Found Imaxuax's Antique Armour Shoppe.
  2684 | D:4      | Found Xomarph's Antique Armour Boutique.
  2782 | D:5      | Entered Level 5 of the Dungeon
  2892 | D:5      | Found a sand-covered staircase.
  2897 | Ossuary  | Entered an ossuary
  3108 | Ossuary  | Reached skill level 8 in Shields
  3173 | D:5      | Found a staircase to the Ecumenical Temple.
  3187 | Temple   | Entered the Ecumenical Temple
  3272 | D:5      | Found a glowing golden altar of the Shining One.
  3343 | D:5      | Found a bloodstained altar of Trog.
  3465 | D:5      | Found a shadowy altar of Dithmenos.
  3471 | D:5      | Found a blossoming altar of Fedhas.
  3471 | D:5      | Found a white marble altar of Elyvilon.
  3472 | D:5      | Found an opulent altar of Gozag.
  3472 | D:5      | Found a deep blue altar of Sif Muna.
  3472 | D:5      | Found a shimmering altar of Xom.
  3473 | D:5      | Found a snail-covered altar of Cheibriados.
  3911 | D:6      | Noticed Blork the orc
  3920 | D:6      | Killed Blork the orc
  3920 | D:6      | Reached skill level 9 in Shields
  3920 | D:6      | Reached XP level 9. HP: 62/66 MP: 12/12
  4020 | D:6      | Found a blossoming altar of Fedhas.
  4313 | D:6      | Found a sacrificial altar of Ru.
  4581 | D:6      | Reached skill level 10 in Shields
  4815 | D:7      | Noticed Edmund
  4898 | D:7      | Found Qiatalaq's Antique Armour Boutique.
  4943 | D:7      | Killed Edmund
  5006 | D:7      | Found Ofugh's Distillery.
  5062 | D:7      | Bought a potion of magic for 88 gold pieces
  5062 | D:7      | Bought a potion of restore abilities for 55 gold pieces
  5094 | D:7      | Found a bloodstained altar of Trog.
  5162 | D:7      | Found a sparkling altar of Nemelex Xobeh.
  5174 | D:7      | Noticed Ijyb
  5187 | D:7      | Killed Ijyb
  5193 | D:7      | Found Brouleum's Book Shop.
  5579 | D:7      | Reached XP level 10. HP: 23/73 MP: 13/13
  5768 | D:8      | Reached skill level 11 in Shields
  6145 | D:8      | Found a radiant altar of Vehumet.
  6151 | D:8      | Found an ancient bone altar of Kikubaaqudgha.
  6183 | D:8      | Found a burning altar of Makhleb.
  6223 | D:8      | Became a worshipper of Makhleb the Destroyer
  6361 | D:8      | Reached skill level 12 in Shields
  6526 | D:9      | Found a glowing silver altar of Zin.
  6781 | D:9      | Reached skill level 10 in Axes
  6821 | D:9      | Acquired Makhleb's first power
  7562 | D:9      | Found a runed door.
  7562 | D:9      | Noticed an unseen horror
  7595 | D:9      | Killed an unseen horror
  7939 | D:9      | Reached XP level 11. HP: 49/78 MP: 15/15
  7950 | D:9      | Reached skill level 13 in Shields
  8061 | D:10     | Entered Level 10 of the Dungeon
  8061 | D:10     | Found Dayk's Magic Scroll Emporium.
  8073 | D:10     | Acquired Makhleb's second power
  8074 | D:10     | Bought a scroll of identify for 32 gold pieces
  8074 | D:10     | Bought a scroll of identify for 32 gold pieces
  8146 | D:10     | Noticed a hill giant
  8158 | D:10     | Killed a hill giant
  8522 | D:10     | Found Ongiq's Weapon Emporium.
  8596 | D:9      | Acquired Makhleb's third power
  8788 | D:10     | Found a staircase to the Orcish Mines.
  8930 | D:10     | Noticed a hill giant
  8950 | D:10     | Killed a hill giant
  8950 | D:10     | Reached skill level 14 in Shields
  9003 | Orc:1    | Entered Level 1 of the Orcish Mines
  9149 | Orc:2    | Noticed Erolcha
  9454 | D:11     | Noticed a hill giant
  9468 | D:11     | Killed a hill giant
  9585 | D:11     | Noticed DEFE's ghost (powerful MfGl)
  9624 | D:11     | Killed DEFE's ghost
  9720 | D:11     | Acquired Makhleb's fourth power
  9735 | D:11     | Noticed a hill giant
  9755 | D:11     | Killed a hill giant
  9826 | D:11     | Found a staircase to the Lair.
  9889 | D:10     | Bought a +2 vampiric battleaxe for 409 gold pieces
 10034 | D:11     | Reached XP level 12. HP: 84/84 MP: 16/16
 10064 | D:11     | Noticed a manticore
 10075 | D:11     | Killed a manticore
 10077 | D:11     | Lost intelligence.
 10099 | D:11     | Reached skill level 15 in Shields
 10342 | D:11     | Noticed a hill giant
 10355 | D:11     | Killed a hill giant
 10521 | Lair:1   | Entered Level 1 of the Lair of Beasts
 10682 | Lair:1   | Acquired Makhleb's fifth power
 11061 | Lair:1   | HP: 3/84 [komodo dragon (9)]
 11065 | Lair:1   | Slain by a komodo dragon

Action                   |  1- 3 |  4- 6 |  7- 9 | 10-12 || total
-------------------------+-------+-------+-------+-------++-------
Melee: War axe           |   111 |   155 |   602 |   697 ||  1565
       Unarmed           |       |       |    25 |       ||    25
       Battleaxe         |       |       |       |   210 ||   210
  Use: Scroll            |       |       |    11 |    10 ||    21
       Potion            |       |       |     6 |     7 ||    13
  Eat: Chunk             |       |     5 |    12 |    20 ||    37
       Beef jerky        |       |       |     1 |     3 ||     4
       Pizza             |       |       |     1 |       ||     1
       Fruit             |       |       |       |     6 ||     6
